 Dungeon Crawl Stone Soup version 0.29.1-4-g47bece8355 (webtiles) character file.

Game seed: 8385391965298342611

7 Hiippo the Trooper (level 2, 0/24 HPs)
             Began as a Formicid Abyssal Knight on Dec 5, 2022.
             Was a Believer of Lugonu.
             Slain by a gnoll
             ... wielding a +0 flail
              (8 damage)
             ... on level 1 of the Dungeon.
             The game lasted 00:00:53 (129 turns).

Hiippo the Trooper (Formicid Abyssal Knight)         Turns: 129, Time: 00:00:53

Health: 0/24       AC:  3    Str: 17    XL:     2   Next: 5%
Magic:  3/3        EV: 11    Int:  9    God:    Lugonu [**....]
Gold:   0          SH:  0    Dex: 14    Spells: 1/1 levels left

rFire   . . .      SeeInvis +   a - +1 mace
rCold   . . .      Faith    .   (no shield)
rNeg    . . .      Spirit   .   b - +0 leather armour
rPois   .          Reflect  .   (helmet unavailable)
rElec   .          Harm     .   (no cloak)
rCorr   .          Rampage  .   (no gloves)
Will    .....                   (no boots)
Stlth   +.........              (no amulet)
HPRegen 0.08/turn               (no ring)
MPRegen 0.08/turn               (no ring)

@: no status effects
A: permanent stasis, dig shafts and tunnels, antennae 3, four strong arms
a: Dig, Shaft Self, Renounce Religion, Depart the Abyss, Bend Space


You were on level 1 of the Dungeon.
You worshipped Lugonu.
Lugonu was pleased with you.
You visited 1 branch of the dungeon, and saw 1 of its levels.
You visited the Abyss 1 time.

Inventory:

Hand Weapons
 a - a +1 mace (weapon)
Armour
 b - a +0 leather armour (worn)
Scrolls
 d - a scroll of identify {unknown}
Potions
 c - a potion of flight {unknown}
 e - a potion of haste {unknown}


   Skills:
 + Level 3.4 Fighting
 + Level 2.1 Maces & Flails
 + Level 2.3 Armour
 + Level 1.1 Dodging
 + Level 2.3 Invocations


You had one spell level left.
You didn't know any spells.
Your spell library was empty.

Dungeon Overview and Level Annotations

Branches:
Dungeon (1/15)

Altars:


Innate Abilities, Weirdness & Mutations

You cannot be hasted, slowed, berserked, paralysed or teleported.
You can dig through walls and to a lower floor.
You have a pair of large antennae on your head. (SInv)
Your four strong arms can wield two-handed weapons with a shield.


Message History

The bat hits you but does no damage.
The frilled lizard unfolds its giant frill.
The bat closely misses you.
You hit the bat.
The bat is severely wounded.
The bat misses you.
You hit the bat but do no damage.
The bat is severely wounded.
The bat hits you but does no damage.
The frilled lizard barely misses you. x2
You hit the frilled lizard but do no damage.
The bat hits you but does no damage. The frilled lizard bites you.
You miss the frilled lizard. The bat barely misses you.
The frilled lizard closely misses you.
You closely miss the frilled lizard. The bat misses you.
The frilled lizard closely misses you.
You sock the frilled lizard!
You kill the frilled lizard!
Lugonu accepts your kill. The bat closely misses you. The bat misses you.
You hit the bat.
You kill the bat!
Lugonu accepts your kill.
e - a purple potion An endoplasm comes into view.
Found a sling and a glowing cabochon ring.
The endoplasm quivers.
A gnoll comes into view. It is wielding a +0 flail.
The endoplasm freezes you.
You are frozen.
You hit the endoplasm.
You kill the endoplasm!
Lugonu accepts your kill.
You have reached level 2!
You hit the gnoll.
The gnoll is heavily wounded.
The gnoll hits you with a +0 flail. x2
You barely miss the gnoll.
The gnoll is heavily wounded.
The gnoll hits you with a +0 flail!
You die...

#.# .. #.#.# ..
#...#.#.#... .
###...#.#.#..##.##
......#.#.#..#.#.#
.....#.#....#.=g#
...#.#.#..#.)@#
#.#.#.##.##.## .
##.....##...#(...#
####..............#.#
...+..........###.#
####..........# .#
..................#
########.####.### # #
#.... ....


You could see a gnoll.

Vanquished Creatures
  2 bats (D:1)
  An endoplasm (D:1)
  A giant cockroach (D:1)
  2 ball pythons (D:1)
  A frilled lizard (D:1)
7 creatures vanquished.

Notes
Turn   | Place    | Note
-------+----------+-------------------------------------------
     0 | Abyss:1  | Hiippo the Formicid Abyssal Knight began the quest for the
                  | Orb.
     0 | Abyss:1  | Reached XP level 1. HP: 18/18 MP: 2/2
     1 | D:1      | Escaped the Abyss
    61 | D:1      | Reached skill level 1 in Dodging
   127 | D:1      | Reached XP level 2. HP: 18/24 MP: 3/3
   129 | D:1      | Slain by a gnoll

Illustrated notes

Levels and vault maps discovered:
D:1:      grunt_arrival_crossed_arrows, layout_basic, serial_shops,
          nicolae_shop_behind_doors, shapermc_ecumenical_altar_rom_forum,
          minmay_distorted

Skill      XL: |  1 |
---------------+----+-----
Dodging        | 1 |  1.1
Fighting       | |  3.4
Maces & Flails | |  2.1
Armour         | |  2.3
Invocations    | |  2.3

Action                   || total
-------------------------++-------
Melee: Mace              ||    18
Armor: Leather armour    ||    10
Dodge: Dodged            ||    18
